TOP OF THE 1ST |
Durham Rapiers batting - Pitching for Springfield Shooters : RHP Andrew Jamison
|
Pitching: RHP Andrew Jamison
|
|
Batting: LHB Alberto Garza
|
0-0: Ball 1-0: Ball 2-0: Swinging Strike 2-1: Foul Ball, location: 2F 2-2: Ball 3-2: Base on Balls
|
Batting: RHB Tomás Costello
|
0-0: Ball 1-0: Ball 2-0: Foul Ball, location: 2F 2-1: 2-RUN HOME RUN (Flyball, 7LD), Distance : 354 ft
|
Batting: LHB Glen Allen Mixon
|
0-0: Foul Ball, location: 2F 0-1: Called Strike 0-2: Strikes out looking
|
Batting: RHB Tomás Duarte
|
0-0: Ball 1-0: Ball 2-0: Fly out, F6 (Line Drive, 6MD)
|
Batting: RHB Guillermo Mata
|
0-0: Called Strike 0-1: Ball 1-1: Ground out 6-3 (Groundball, 56)
|
Top of the 1st over - 2 runs, 1 hit, 0 errors, 0 left on base; Durham 2 - Springfield 0 |
BOTTOM OF THE 1ST |
Springfield Shooters batting - Pitching for Durham Rapiers : LHP Archie Erickson
|
Pitching: LHP Archie Erickson
|
|
Batting: RHB Eun-bum Kim
|
0-0: Foul Ball, location: 2F 0-1: Ball 1-1: Foul Ball, location: 2F 1-2: Fly out, F7 (Flyball, 7)
|
Batting: RHB Stephen Chávez
|
0-0: Called Strike 0-1: Ball 1-1: Ball 2-1: Foul Ball, location: 2F 2-2: Foul Ball, location: 2F 2-2: Fly out, F7 (Flyball, 78S)
|
Batting: RHB Sébastien Bernard
|
0-0: Called Strike 0-1: Ball 1-1: Called Strike 1-2: Ground out U3 (Groundball, 3)
|
Bottom of the 1st over - 0 runs, 0 hits, 0 errors, 0 left on base; Durham 2 - Springfield 0 |
TOP OF THE 2ND |
Durham Rapiers batting - Pitching for Springfield Shooters : RHP Andrew Jamison
|
Batting: RHB Armando Chamú
|
0-0: Called Strike 0-1: Ball 1-1: Ball 2-1: Ground out U3 (Groundball, 34)
|
Batting: RHB Yoshi Kouda
|
0-0: Ball 1-0: Ball 2-0: Ball 3-0: Base on Balls
|
Batting: RHB Mason Congdon
|
0-0: Ball 1-0: Called Strike 1-1: Ball 2-1: Grounds into double play, 6-4-3 (Groundball, 6)
|
Top of the 2nd over - 0 runs, 0 hits, 0 errors, 0 left on base; Durham 2 - Springfield 0 |
BOTTOM OF THE 2ND |
Springfield Shooters batting - Pitching for Durham Rapiers : LHP Archie Erickson
|
Batting: RHB Fletcher Megarity
|
0-0: Ground out 5-3 (Groundball, 56)
|
Batting: RHB Jack Stidston
|
0-0: Ball 1-0: Ball 2-0: Foul Ball, location: 2F 2-1: Swinging Strike 2-2: Strikes out swinging, 2-3 out at first.
|
Batting: RHB Barrett Drury
|
0-0: Ball 1-0: Ball 2-0: Called Strike 2-1: Ball 3-1: Base on Balls
|
Batting: RHB Miguel Elías
|
0-0: Ball 1-0: Called Strike 1-1: Fly out, F8 (Flyball, 8LM)
|
Bottom of the 2nd over - 0 runs, 0 hits, 0 errors, 1 left on base; Durham 2 - Springfield 0 |
TOP OF THE 3RD |
Durham Rapiers batting - Pitching for Springfield Shooters : RHP Andrew Jamison
|
Batting: SHB Fernando Rincón
|
0-0: Ball 1-0: Ball 2-0: Fly out, F3 (Popup, 3DF)
|
Batting: LHB Alberto Garza
|
0-0: Swinging Strike 0-1: Ball 1-1: Called Strike 1-2: Fly out, F5 (Popup, 5SF)
|
Batting: RHB Tomás Costello
|
0-0: Ball 1-0: Called Strike 1-1: Foul Ball, location: 2F 1-2: Ball 2-2: Ball 3-2: Foul Ball, location: 2F 3-2: Foul Ball, location: 2F 3-2: Fly out, F9 (Flyball, 9D)
|
Top of the 3rd over - 0 runs, 0 hits, 0 errors, 0 left on base; Durham 2 - Springfield 0 |
BOTTOM OF THE 3RD |
Springfield Shooters batting - Pitching for Durham Rapiers : LHP Archie Erickson
|
Batting: RHB Tony Martínez
|
0-0: SINGLE (Line Drive, 7S)
|
Batting: RHB Roberto Alonzo
|
0-0: Called Strike Tony Martínez steals 2nd base 0-1: Called Strike 0-2: Ball 1-2: Ball Wild Pitch! Tony Martínez to third 2-2: Foul Ball, location: 2F 2-2: Fly out, F7 (Flyball, 7D) Runner from 3rd tags up, SCORES, throw made
|
Batting: RHB Eun-bum Kim
|
0-0: Called Strike 0-1: Foul Ball, location: 2F 0-2: Ball 1-2: Ball 2-2: Ball 3-2: Foul Ball, location: 2F 3-2: Base on Balls
|
Batting: RHB Stephen Chávez
|
0-0: Ball 1-0: Called Strike 1-1: Ball 2-1: Ball 3-1: Base on Balls Eun-bum Kim to second
|
Batting: RHB Sébastien Bernard
|
0-0: Called Strike 0-1: Foul Ball, location: 2F 0-2: Ball 1-2: Ball 2-2: Strikes out looking
|
Batting: RHB Fletcher Megarity
|
0-0: Ground out U3 (Groundball, 3)
|
Bottom of the 3rd over - 1 run, 1 hit, 0 errors, 2 left on base; Durham 2 - Springfield 1 |
TOP OF THE 4TH |
Durham Rapiers batting - Pitching for Springfield Shooters : RHP Andrew Jamison
|
Batting: LHB Glen Allen Mixon
|
0-0: Foul Ball, location: 2F 0-1: Ball 1-1: Ball 2-1: Foul Ball, location: 2F 2-2: Ball 3-2: Strikes out swinging
|
Batting: RHB Tomás Duarte
|
0-0: Ball 1-0: Ball 2-0: Called Strike 2-1: Ball 3-1: Swinging Strike 3-2: Foul Ball, location: 2F 3-2: Strikes out swinging
|
Batting: RHB Guillermo Mata
|
0-0: Fly out, F7 (Flyball, 7LS)
|
Top of the 4th over - 0 runs, 0 hits, 0 errors, 0 left on base; Durham 2 - Springfield 1 |
BOTTOM OF THE 4TH |
Springfield Shooters batting - Pitching for Durham Rapiers : LHP Archie Erickson
|
Batting: RHB Jack Stidston
|
0-0: Foul Ball, location: 2F 0-1: Called Strike 0-2: SINGLE (Groundball, 6MD)
|
Batting: RHB Barrett Drury
|
0-0: Foul Ball, location: 2F 0-1: Ball 1-1: DOUBLE (Line Drive, 89D) Jack Stidston to third
|
Batting: RHB Miguel Elías
|
0-0: SINGLE (Line Drive, 6MD) Jack Stidston scores Barrett Drury to third
|
Batting: RHB Tony Martínez
|
0-0: Fielders Choice at 2nd, 6-4 (Groundball, 6) Barrett Drury scores
|
Pitching: LHP Bill Minor
|
|
Batting: RHB Roberto Alonzo
|
0-0: Called Strike 0-1: Ball 1-1: Ball 2-1: Ball 3-1: Foul Ball, location: 2F 3-2: Foul Ball, location: 2F 3-2: Strikes out swinging Tony Martínez steals 2nd base Batter strikes out.
|
Batting: RHB Eun-bum Kim
|
0-0: Called Strike 0-1: Ball 1-1: Ball 2-1: Foul Ball, location: 2F 2-2: Strikes out swinging
|
Bottom of the 4th over - 2 runs, 3 hits, 0 errors, 1 left on base; Durham 2 - Springfield 3 |
TOP OF THE 5TH |
Durham Rapiers batting - Pitching for Springfield Shooters : RHP Andrew Jamison
|
Batting: RHB Armando Chamú
|
0-0: Ground out 6-3 (Groundball, 6)
|
Batting: RHB Yoshi Kouda
|
0-0: Fly out, F7 (Flyball, 78M)
|
Batting: RHB Mason Congdon
|
0-0: Foul Ball, location: 2F 0-1: Called Strike 0-2: Foul Ball, location: 2F 0-2: Strikes out swinging
|
Top of the 5th over - 0 runs, 0 hits, 0 errors, 0 left on base; Durham 2 - Springfield 3 |
BOTTOM OF THE 5TH |
Springfield Shooters batting - Pitching for Durham Rapiers : LHP Bill Minor
|
Batting: RHB Stephen Chávez
|
0-0: Called Strike 0-1: Ball 1-1: Ball 2-1: Foul Ball, location: 2F 2-2: Foul Ball, location: 2F 2-2: Foul Ball, location: 2F 2-2: Strikes out looking
|
Batting: RHB Sébastien Bernard
|
0-0: Foul Ball, location: 2F 0-1: Ground out 6-3 (Groundball, 6)
|
Batting: RHB Fletcher Megarity
|
0-0: Ground out 4-3 (Groundball, 4)
|
Bottom of the 5th over - 0 runs, 0 hits, 0 errors, 0 left on base; Durham 2 - Springfield 3 |
TOP OF THE 6TH |
Durham Rapiers batting - Pitching for Springfield Shooters : RHP Andrew Jamison
|
Batting: SHB Fernando Rincón
|
0-0: Called Strike 0-1: Foul Ball, location: 2F 0-2: Hit by Pitch
|
Batting: LHB Alberto Garza
|
0-0: Ball 1-0: Bunt - Flyout! F2
|
Batting: RHB Tomás Costello
|
0-0: Ball 1-0: Called Strike 1-1: Foul Ball, location: 2F 1-2: Ball 2-2: Foul Ball, location: 2F 2-2: SINGLE (Groundball, 4MD) Fernando Rincón to second Runner from 2nd tries for 3rd, SAFE, throw made to third
|
Batting: LHB Glen Allen Mixon
|
0-0: Called Strike 0-1: Ball 1-1: Ball 2-1: SINGLE (Groundball, 4D) Fernando Rincón scores Tomás Costello to second Runner from 2nd tries for 3rd, SAFE, throw made to third
|
Batting: RHB Tomás Duarte
|
0-0: Ball 1-0: Called Strike 1-1: Ball 2-1: Ball 3-1: Base on Balls Glen Allen Mixon to second
|
Batting: RHB Guillermo Mata
|
0-0: SINGLE (Groundball, 56D) Tomás Costello scores Glen Allen Mixon to third Tomás Duarte to second Runner from 3rd tries for Home, SAFE, throw made home
|
Pitching: LHP Tomás Galván
|
|
Batting: RHB Armando Chamú
|
0-0: Ball Wild Pitch! Tomás Duarte to third Guillermo Mata to second 1-0: Called Strike 1-1: Foul Ball, location: 2F 1-2: Foul Ball, location: 2F 1-2: Ball 2-2: Ball 3-2: Base on Balls
|
Batting: RHB Yoshi Kouda
|
0-0: Called Strike 0-1: Ball 1-1: Ball 2-1: Ball 3-1: Grounds into fielders choice 4-2 (Groundball, 4) Guillermo Mata to third Armando Chamú to second
|
Batting: RHB Mason Congdon
|
0-0: Ball 1-0: Called Strike 1-1: Ball 2-1: SINGLE (Line Drive, 6MD) Guillermo Mata scores Armando Chamú to third Yoshi Kouda to second Runner from 3rd tries for Home, SAFE, no throw
|
Batting: SHB Fernando Rincón
|
0-0: Foul Ball, location: 2F 0-1: Ball 1-1: Foul Ball, location: 2F 1-2: Foul Ball, location: 2F 1-2: Strikes out swinging
|
Top of the 6th over - 5 runs, 4 hits, 0 errors, 2 left on base; Durham 7 - Springfield 3 |
BOTTOM OF THE 6TH |
Springfield Shooters batting - Pitching for Durham Rapiers : LHP Bill Minor
|
Batting: RHB Jack Stidston
|
0-0: Ball 1-0: Swinging Strike 1-1: SINGLE (Flyball, 89M)
|
Batting: RHB Barrett Drury
|
0-0: SINGLE (Groundball, 56S) (infield hit) Jack Stidston to second
|
Batting: RHB Miguel Elías
|
0-0: Ball 1-0: Fly out, F7 (Line Drive, 7)
|
Batting: RHB Tony Martínez
|
0-0: Called Strike 0-1: Ball 1-1: Foul Ball, location: 2F 1-2: Ball 2-2: Foul Ball, location: 2F 2-2: SINGLE (Groundball, 56D) Jack Stidston to third Barrett Drury to second
|
Batting: RHB Roberto Alonzo
|
0-0: Ball 1-0: Called Strike 1-1: Called Strike 1-2: Reached on error, E6 (Groundball, 6S) Jack Stidston scores Barrett Drury scores Tony Martínez to third
|
Batting: RHB Eun-bum Kim
|
0-0: Ball 1-0: Foul Ball, location: 2F 1-1: Fly out, F8 (Flyball, 8RM) Runner from 3rd tags up, SCORES, throw made
|
Pitching: RHP Andy Fallon
|
|
Batting: RHB Stephen Chávez
|
0-0: Foul Ball, location: 2F 0-1: Ball 1-1: SINGLE (Flyball, 8LS) Roberto Alonzo to third Runner from 3rd tries for Home, SAFE, no throw
|
Batting: RHB Sébastien Bernard
|
0-0: Ball 1-0: Ball 2-0: Ball 3-0: Called Strike 3-1: Base on Balls Stephen Chávez to second
|
Batting: RHB Fletcher Megarity
|
0-0: Foul Ball, location: 2F 0-1: Ball 1-1: Foul Ball, location: 2F 1-2: Ball 2-2: Strikes out looking
|
Bottom of the 6th over - 4 runs, 4 hits, 1 error, 2 left on base; Durham 7 - Springfield 7 |
TOP OF THE 7TH |
Durham Rapiers batting - Pitching for Springfield Shooters : LHP Tomás Galván
|
Pinch Hitting: RHB Dave Sienna
|
0-0: Called Strike 0-1: Foul Ball, location: 2F 0-2: Ground out 6-3 (Groundball, 6)
|
Batting: RHB Tomás Costello
|
0-0: Swinging Strike 0-1: Called Strike 0-2: Ball 1-2: Foul Ball, location: 2F 1-2: Foul Ball, location: 2F 1-2: Foul Ball, location: 2F 1-2: Foul Ball, location: 2F 1-2: Ball 2-2: SINGLE (Line Drive, 7LS)
|
Batting: LHB Glen Allen Mixon
|
0-0: Foul Ball, location: 2F 0-1: Ball 1-1: Swinging Strike 1-2: Ball 2-2: Strikes out swinging
|
Pinch Hitting: RHB Carlos Evangelho
|
0-0: Ball 1-0: Ball 2-0: Ball 3-0: Base on Balls Tomás Costello to second
|
Batting: RHB Guillermo Mata
|
0-0: Ball 1-0: Ball 2-0: Called Strike 2-1: Swinging Strike 2-2: SINGLE (Groundball, 6MD) Tomás Costello to third Carlos Evangelho to second Runner from 3rd tries for Home, SAFE, no throw
|
Pitching: RHP Geoff Stackhouse
|
|
Pinch Runner at 2nd Terry Loyd:
|
|
Batting: RHB Armando Chamú
|
0-0: Called Strike 0-1: Ball 1-1: Foul Ball, location: 2F 1-2: Foul Ball, location: 2F 1-2: SINGLE (Flyball, 7LS) Terry Loyd to third Guillermo Mata to second Runner from 3rd tries for Home, SAFE, no throw
|
Pinch Hitting: LHB Dante Aristizabal
|
0-0: Ball 1-0: Swinging Strike 1-1: Ball 2-1: Foul Ball, location: 2F 2-2: Foul Ball, location: 2F 2-2: Foul Ball, location: 2F 2-2: Strikes out looking
|
Top of the 7th over - 2 runs, 3 hits, 0 errors, 2 left on base; Durham 9 - Springfield 7 |
BOTTOM OF THE 7TH |
Springfield Shooters batting - Pitching for Durham Rapiers : RHP Andy Fallon
|
Now in LF: Terry Loyd
|
|
Now in CF: Dave Sienna
|
|
Now in RF: Dante Aristizabal
|
|
Batting: RHB Jack Stidston
|
0-0: Called Strike 0-1: SINGLE (Groundball, 34D)
|
Batting: RHB Barrett Drury
|
0-0: Called Strike Jack Stidston steals 2nd base 0-1: Swinging Strike 0-2: Ball 1-2: Ball 2-2: Foul Ball, location: 2F 2-2: Ball 3-2: Ground out 5-3 (Groundball, 56)
|
Batting: RHB Miguel Elías
|
0-0: Foul Ball, location: 2F 0-1: Called Strike 0-2: Ball 1-2: Ball 2-2: SINGLE (Flyball, 7LS) - OUT at second base trying to stretch hit. Jack Stidston scores
|
Batting: RHB Tony Martínez
|
0-0: Called Strike 0-1: Ground out 5-3 (Groundball, 56S)
|
Bottom of the 7th over - 1 run, 2 hits, 0 errors, 0 left on base; Durham 9 - Springfield 8 |
TOP OF THE 8TH |
Durham Rapiers batting - Pitching for Springfield Shooters : RHP Geoff Stackhouse
|
Batting: RHB Mason Congdon
|
0-0: Foul Ball, location: 2F 0-1: SINGLE (Line Drive, 6M)
|
Pinch Hitting: RHB Colby King
|
0-0: Bunted foul 0-1: Bunted foul Balk! Mason Congdon to second 0-2: Fly out, F8 (Flyball, 8RS)
|
Batting: RHB Dave Sienna
|
0-0: Swinging Strike 0-1: Foul Ball, location: 2F 0-2: Strikes out swinging
|
Batting: RHB Tomás Costello
|
0-0: Called Strike 0-1: Ball 1-1: Called Strike 1-2: Strikes out looking
|
Top of the 8th over - 0 runs, 1 hit, 0 errors, 1 left on base; Durham 9 - Springfield 8 |
BOTTOM OF THE 8TH |
Springfield Shooters batting - Pitching for Durham Rapiers : RHP Andy Fallon
|
Now at SS: Colby King
|
|
Batting: RHB Roberto Alonzo
|
0-0: Called Strike 0-1: Swinging Strike 0-2: Strikes out swinging
|
Batting: RHB Eun-bum Kim
|
0-0: Swinging Strike 0-1: Called Strike 0-2: Strikes out swinging
|
Batting: RHB Stephen Chávez
|
0-0: Called Strike 0-1: Foul Ball, location: 2F 0-2: Foul Ball, location: 2F 0-2: Strikes out swinging
|
Bottom of the 8th over - 0 runs, 0 hits, 0 errors, 0 left on base; Durham 9 - Springfield 8 |
TOP OF THE 9TH |
Durham Rapiers batting - Pitching for Springfield Shooters : RHP Geoff Stackhouse
|
Batting: LHB Glen Allen Mixon
|
0-0: Ball 1-0: Fly out, F9 (Flyball, 9D)
|
Batting: RHB Terry Loyd
|
0-0: Ball 1-0: Ball 2-0: Ball 3-0: Base on Balls
|
Batting: RHB Guillermo Mata
|
0-0: Ball 1-0: Foul Ball, location: 2F 1-1: Called Strike 1-2: Foul Ball, location: 2F 1-2: Foul Ball, location: 2F 1-2: Ball 2-2: Strikes out swinging
|
Batting: RHB Armando Chamú
|
0-0: Ball 1-0: Ball 2-0: Ball 3-0: Called Strike 3-1: Base on Balls Terry Loyd to second
|
Batting: LHB Dante Aristizabal
|
0-0: Ball 1-0: Ball 2-0: Called Strike 2-1: Foul Ball, location: 2F 2-2: Strikes out swinging wild pitch, reaches first! Terry Loyd to third Armando Chamú to second
|
Batting: RHB Mason Congdon
|
0-0: Fly out, F5 (Line Drive, 56)
|
Top of the 9th over - 0 runs, 0 hits, 0 errors, 3 left on base; Durham 9 - Springfield 8 |
BOTTOM OF THE 9TH |
Springfield Shooters batting - Pitching for Durham Rapiers : RHP Andy Fallon
|
Pinch Hitting: LHB Armando Rodríguez
|
0-0: Called Strike 0-1: Ball 1-1: Called Strike 1-2: Foul Ball, location: 2F 1-2: Fly out, F9 (Line Drive, 9LM)
|
Batting: RHB Fletcher Megarity
|
0-0: Ball 1-0: Ball 2-0: Foul Ball, location: 2F 2-1: Ball 3-1: Called Strike 3-2: Foul Ball, location: 2F 3-2: Base on Balls
|
Batting: RHB Jack Stidston
|
0-0: Ball 1-0: Called Strike 1-1: SINGLE (Line Drive, 6) Fletcher Megarity to second
|
Batting: RHB Barrett Drury
|
0-0: Ball 1-0: Ball 2-0: Ball 3-0: Base on Balls Fletcher Megarity to third Jack Stidston to second
|
Batting: RHB Miguel Elías
|
0-0: Ball 1-0: Foul Ball, location: 2F 1-1: Foul Ball, location: 2F 1-2: Ball 2-2: Strikes out swinging
|
Batting: RHB Tony Martínez
|
0-0: SINGLE (Groundball, 6MD) Fletcher Megarity scores Jack Stidston to third Barrett Drury to second Runner from 3rd tries for Home, SAFE, no throw
|
Tuesday, June 12th, 2018 - OOTP Baseball 18.8 Build 76
|
|